 Dungeon Crawl Stone Soup version 0.31.0-32-g396128a36d (webtiles) character file.

Game seed: 15099303067612431875

6757 Peloso the Carver (level 10, 0/86 HPs)
             Began as a Minotaur Fighter on Apr 16, 2024.
             Was an Elder of Okawaru.
             Killed from afar by a raiju (20 damage)
             ... with a living lightning
             ... on level 1 of the Abyss.
             The game lasted 00:14:34 (7307 turns).

Peloso the Carver (Minotaur Fighter)                Turns: 7307, Time: 00:14:34

Health: 0/86       AC: 15    Str: 21    XL:     10   Next: 75%
Magic:  10/10      EV: 10    Int:  5    God:    Okawaru [****..]
Gold:   405        SH:  6    Dex: 14    Spells: 9/9 levels left

rFire   + . .        a - +2 scimitar (spect)
rCold   . . .        d - +0 buckler
rNeg    . . .        A - +4 chain mail {rF+}
rPois   .            (helmet currently unavailable)
rElec   .            (cloak currently unavailable)
rCorr   .            c - melded +0 pair of gloves
SInv    .            (boots currently unavailable)
Will    .....        m - amulet of the acrobat Stlth
                     (no ring)
HPRegen 0.34/turn    (no ring)
MPRegen 0.12/turn

%: acrobat
@: beast-form
A: beast (slay +2), horns 2, retaliatory headbutt
a: Begin Untransformation, Renounce Religion, Heroism, Finesse


You were on level 1 of the Abyss.
You worshipped Okawaru.
Okawaru was greatly pleased with you.
You were a hulking beast.
You visited 1 branch of the dungeon, and saw 9 of its levels.
You visited the Abyss 1 time.

You collected 405 gold pieces.

Inventory:

Hand Weapons
 a - a +2 spectral scimitar (weapon)
Armour
 b - a +0 scale mail
 c - a +0 pair of gloves (melded)
 d - a +0 buckler (worn)
 A - a +4 chain mail of fire resistance (worn)
Jewellery
 m - an amulet of the acrobat (around neck)
 r - a +5 ring of evasion
 E - a ring of wizardry
Talismans
 q - a beast talisman (active)
Wands
 w - a wand of iceblast (6)
 y - a wand of mindburst (11)
 z - a wand of flame (37)
Scrolls
 h - a scroll of vulnerability
 j - 2 scrolls of revelation
 k - a scroll of immolation
 n - 3 scrolls of amnesia
 o - a scroll of silence
 p - a scroll of blinking
 u - 2 scrolls of teleportation
 x - a scroll of fog
Potions
 e - 3 potions of curing
 f - 3 potions of might
 t - a potion of experience
 v - a potion of magic
 B - a potion of resistance {unknown}
 C - 2 potions of brilliance {unknown}
 D - a potion of cancellation {unknown}


   Skills:
 + Level 7.5 Fighting
 + Level 13.0 Long Blades
 + Level 9.0 Armour
 + Level 4.5 Dodging
 + Level 1.8 Stealth
 + Level 6.9 Shields
 + Level 2.0 Invocations
 + Level 3.6 Shapeshifting


You had 9 spell levels left.
You didn't know any spells.
Your spell library contained the following spells:

 Spells                   Type           Power      Damage    Failure   Level
 Magic Dart               Conj           0%         1d3       98%         1
 Sting                    Conj/Alch      0%         1d3       98%         1
 Blink                    Tloc           0%         N/A       99%         2
 Mercury Vapours          Alch/Air       0%         N/A       99%         2
 Olgreb's Toxic Radiance  Alch           0%         N/A       100%        4
 Call Imp                 Summ           Unusable   N/A       N/A         2

Dungeon Overview and Level Annotations

Branches:
Dungeon (9/15)             Temple (0/1) D:7            Lair (0/5) D:8
    Orc: D:9-12

Altars:
Ashenzari
Cheibriados
Gozag
Makhleb
Nemelex Xobeh
Okawaru
Ru
Yredelemnul
Zin
The Shining One

Annotations:
D:9 Erolcha


Innate Abilities, Weirdness & Mutations

You are a hulking beast.
Your limbs bulge with bestial killing power. (Slay +2)
You have a pair of horns on your head.
You reflexively headbutt those who attack you in melee.


Message History

A ynoxinul comes into view.
The ynoxinul gestures at you. The iron shot hits you!
A raiju comes into view.
The raiju barks!
You hear a bark!
The ynoxinul hits you but does no damage.
A raiju comes into view.
The raiju barks!
You slash the ynoxinul!
The ynoxinul is lightly wounded.
Your +2 spectral scimitar hits the ynoxinul!
You block the ynoxinul's attack.
You slash the ynoxinul! You headbutt the ynoxinul.
The ynoxinul is almost dead.
Your +2 spectral scimitar hits the ynoxinul!
You kill the ynoxinul!
Okawaru accepts your kill.
The raiju bursts into living lightning!
The living lightning misses you.
The living lightning hits your +2 spectral scimitar.
Your +2 spectral scimitar resists.
Your spectral weapon shares its damage with you!
The raiju blinks! x3
Your Long Blades skill increases to level 13!
Your Invocations skill increases to level 2!
You swap places.
Your +2 spectral scimitar disappears.
A raiju comes into view.
The raiju attacks as it pursues you! The raiju barely misses you.
You hit the raiju. Your headbutt misses the raiju.
The raiju is lightly wounded.
Your +2 spectral scimitar misses the raiju.
The raiju bursts into living lightning!
The living lightning hits you!
The raiju blinks! x2; The raiju bites you.
The raiju shocks you!
* * * LOW HITPOINT WARNING * * *
The raiju bursts into living lightning!
The living lightning hits the raiju.
The raiju completely resists.
The living lightning hits you!!
You die...

. #.. ###.## #
# #.h. ....###
# #.§.##....##
.. ....§#.#....
.. . #....#...
.# #
.#.....###.#..#
#.##.h.....#
###. .#hh#
...#..#(# # ##
###..#.#
#..#...
...#.#..
######..§.# #
###


You could see 3 raiju and a friendly +2 spectral scimitar.

Vanquished Creatures
  A two-headed ogre (D:8)
  3 elephants (D:8)
  A ynoxinul (Abyss:1)
  5 yaks (D:6)
  A wyvern (D:6)
  A chaos spawn (Abyss:1)
  Edmund (D:4)
  Menkaure (D:6)
  A water moccasin (D:8)
  3 orc warriors
  A black bear (D:7)
  2 sky beasts (D:8)
  4 ogres
  5 ice beasts
  4 centaurs
  A phantom (D:6)
  Blork the orc (D:4)
  A gnoll sergeant (D:5)
  6 bullfrogs
  4 scorpions
  9 killer bees
  3 hounds
  2 orc priests
  A bombardier beetle (D:4)
  2 jellies
  3 iguanas
  Ijyb (D:4)
  4 orc wizards
  Robin (D:2)
  13 gnolls
  8 adders
  A shadow imp (D:7)
  3 white imps
  2 ufetubi (D:7)
  3 dart slugs
  A ribbon worm (D:2)
  14 orcs
  8 ball pythons
  8 endoplasms
  4 giant cockroaches
  22 goblins
  14 hobgoblins
  2 quokkas (D:2)
  3 bats
  5 frilled lizards
  6 kobolds
  11 rats
201 creatures vanquished.

Notes
Turn   | Place    | Note
-------+----------+-------------------------------------------
     0 | D:1      | Peloso the Minotaur Fighter began the quest for the Orb.
     0 | D:1      | Reached XP level 1. HP: 19/19 MP: 0/0
    40 | D:1      | Reached XP level 2. HP: 13/27 MP: 1/1
   517 | D:1      | Reached XP level 3. HP: 28/33 MP: 2/2
   818 | D:1      | Reached skill level 3 in Long Blades
  1132 | D:2      | Found a burning altar of Makhleb.
  1192 | D:2      | Reached XP level 4. HP: 23/40 MP: 3/3
  1202 | D:2      | HP: 2/40 [gnoll/+0 spear (4)]
  1214 | D:2      | Reached skill level 4 in Long Blades
  1398 | D:2      | Noticed Robin
  1409 | D:2      | Reached skill level 1 in Dodging
  1422 | D:2      | Reached XP level 5. HP: 31/47 MP: 4/4
  1426 | D:2      | Killed Robin
  1680 | D:3      | Found an iron altar of Okawaru.
  1704 | D:3      | Reached skill level 5 in Long Blades
  1717 | D:3      | Became a worshipper of Warmaster Okawaru
  2193 | D:4      | Noticed an ogre
  2272 | D:4      | You fall into a shaft and drop 2 floors!
  2276 | D:6      | Noticed a yak
  2276 | D:6      | Noticed a yak
  2280 | D:6      | Reached XP level 6. HP: 43/53 MP: 5/5
  2299 | D:6      | Killed a yak
  2299 | D:6      | Reached * piety under Okawaru
  2300 | D:6      | Reached skill level 5 in Armour
  2301 | D:6      | Killed a yak
  2302 | D:6      | Reached skill level 6 in Long Blades
  2302 | D:6      | Reached skill level 1 in Shapeshifting
  2302 | D:6      | Reached XP level 7. HP: 9/60 MP: 6/6
  2583 | D:6      | Reached skill level 5 in Shields
  2590 | D:6      | Noticed a wyvern
  2602 | D:6      | Killed a wyvern
  2603 | D:6      | Reached skill level 5 in Fighting
  2707 | D:6      | Reached ** piety under Okawaru
  2713 | D:5      | Entered Level 5 of the Dungeon
  2725 | D:5      | Reached skill level 7 in Long Blades
  2740 | D:5      | Reached XP level 8. HP: 57/68 MP: 7/7
  2787 | D:4      | Found an opulent altar of Gozag.
  2859 | D:4      | Noticed Blork the orc
  2868 | D:4      | Killed Blork the orc
  3142 | D:4      | Reached skill level 8 in Long Blades
  3150 | D:4      | Reached skill level 1 in Stealth
  3224 | D:4      | Noticed Ijyb
  3238 | D:4      | Killed Ijyb
  3274 | D:4      | Noticed Edmund
  3297 | D:4      | Killed Edmund
  3681 | D:5      | Reached skill level 9 in Long Blades
  4097 | D:5      | Found a sparkling altar of Nemelex Xobeh.
  4151 | D:5      | Found a broken altar of Ashenzari.
  4348 | D:6      | Reached XP level 9. HP: 68/75 MP: 8/8
  4639 | D:6      | Reached *** piety under Okawaru
  4640 | D:6      | Reached skill level 10 in Long Blades
  4653 | D:6      | Noticed Menkaure
  4656 | D:6      | Reached skill level 1 in Invocations
  4808 | D:6      | Killed Menkaure
  5165 | D:7      | Found a staircase to the Ecumenical Temple.
  5240 | D:7      | Reached skill level 11 in Long Blades
  5441 | D:7      | Found a glowing golden altar of the Shining One.
  5444 | D:7      | Found a glowing silver altar of Zin.
  5661 | D:7      | Reached XP level 10. HP: 40/84 MP: 10/10
  6117 | D:8      | Noticed an elephant
  6148 | D:8      | Killed an elephant
  6384 | D:8      | Noticed a two-headed ogre
  6398 | D:8      | Killed a two-headed ogre
  6398 | D:8      | Reached **** piety under Okawaru
  6442 | D:8      | Found a basalt altar of Yredelemnul.
  6466 | D:8      | Noticed an elephant
  6483 | D:8      | Killed an elephant
  6496 | D:8      | Reached skill level 12 in Long Blades
  6751 | D:8      | Found a staircase to the Lair.
  6751 | D:8      | Noticed an elephant
  6768 | D:8      | Killed an elephant
  6964 | D:8      | Found a sacrificial altar of Ru.
  7018 | D:8      | Found a snail-covered altar of Cheibriados.
  7123 | D:9      | Noticed Erolcha
  7141 | Abyss:1  | Cast into level 1 of the Abyss (Erolcha)
  7167 | Abyss:1  | Found a corrupted altar of Lugonu.
  7306 | Abyss:1  | Reached skill level 13 in Long Blades
  7307 | Abyss:1  | Killed from afar by a raiju

Illustrated notes

Levels and vault maps discovered:
D:1:      dpeg_arrival_erosion, layout_basic, minmay_3d_cube
D:2:      layout_rooms, basic_altar, minmay_goblin_outpost, uniq_robin
D:3:      layout_rooms, amcnicky_altar_gilded
D:4:      layout_rooms, grunt_gozag_statues, minmay_small_thing,
          uniq_blork_the_orc, uniq_ijyb, uniq_edmund
D:5:      layout_loops_ring, nemelex_diamond_rough_becter, lemuel_round_altar
D:6:      layout_rooms, uniq_menkaure
D:7:      layout_basic, chequers_temple_overflow_statue_of_worship,
          minmay_temple_entry_mist, chequers_serial_rivers_room_b
D:8:      layout_basic, kennysheep_mini_moat, chei_slow_surprise,
          mainiacjoe_overflow_24_doors, grunt_lair_entry_orc_guard_hut
D:9:      layout_roguey, mainiacjoe_overflow_paths,
          nicolae_hepliaklqana_monster_ancestors, nrook_uturn,
          uniq_prince_ribbit1, uniq_erolcha
Abyss:1:  base:
D:5

Skill      XL: |  1  2  3  4  5  6  7  8  9 10 |
---------------+-------------------------------+-----
Shields        | 4 5 6 |  6.9
Armour         | 4 5 6 7 8 9 |  9.0
Fighting       | 4 5 6 7 |  7.5
Long Blades    | 3 4 5 6 7 9 11 13 | 13.0
Dodging        | 1 2 3 4 |  4.5
Shapeshifting  | 1 2 3 |  3.6
Stealth        | 1 |  1.8
Invocations    | 1 2 |  2.0

Action                     |  1- 3 |  4- 6 |  7- 9 | 10-12 || total
---------------------------+-------+-------+-------+-------++-------
  Melee: Long sword        |   125 |   120 |    51 |       ||   296
         Headbutt          |    20 |    27 |    59 |    26 ||   132
         Scimitar          |       |       |   230 |   126 ||   356
 Invoke: Heroism           |       |       |     3 |     6 ||     9
    Use: Scroll            |     4 |     5 |     2 |    11 ||    22
         Potion            |       |     3 |     3 |     3 ||     9
   Stab: Invisible         |       |       |     1 |       ||     1
 Armour: Scale mail        |    82 |   108 |    56 |       ||   246
         Chain mail        |       |       |   133 |    77 ||   210
  Dodge: Dodged            |    54 |    96 |   167 |    53 ||   370
  Block: Buckler           |    32 |    54 |    55 |    37 ||   178
   Form: Beast             |       |     1 |       |       ||     1
